 Dungeon Sprint DCSS version 0.29-a0-723-gce39da1c22 (webtiles) character file.

Game seed: 18441187907458933965

1367 Hipnos the Gelid (level 8, -6/43 HPs)
             Began as a Deep Elf Ice Elementalist on June 28, 2022.
             Mangled by a boulder beetle (25 damage)
             ... in the Dungeon (Sprint II: "The Violet Keep of Menkaure").
             The game lasted 00:05:54 (842 turns).

Hipnos the Gelid (Deep Elf Ice Elementalist)         Turns: 842, Time: 00:05:55

Health: -6/43      AC: 12    Str:  5    XL:     8   Next: 38%
Magic:  6/25       EV: 15    Int: 23    God:
Gold:   243        SH:  0    Dex: 15    Spells: 19/30 levels left

rFire   . . .      SeeInvis .     - Unarmed
rCold   . . .      Faith    .   (no shield)
rNeg    . . .      Spirit   .   a - +0 robe
rPois   .          Reflect  .   (no helmet)
rElec   .          Harm     .   (no cloak)
rCorr   .          Rampage  .   (no gloves)
Will    .....      NoTele   +   (no boots)
Stlth   +++.......              (no amulet)
HPRegen 0.14/turn               (no ring)
MPRegen 0.19/turn               (no ring)

@: ice-armoured, freezing walls
A: no striking features
a: no special abilities


You were in the Dungeon.
You visited 1 branch You collected 243 gold pieces.

Inventory:

Armour
 a - a +0 robe (worn)
Scrolls
 g - a scroll of blinking
Potions
 b - 3 potions of magic


   Skills:
 + Level 1.6 Fighting
 + Level 6.3 Dodging
 + Level 5.7 Stealth
 + Level 4.0 Unarmed Combat
 + Level 11.7 Spellcasting
 + Level 1.5 Conjurations
 + Level 15.8 Ice Magic


You had 19 spell levels left.
You knew the following spells:

 Your Spells              Type           Power      Damage    Failure   Level
a - Freeze                Ice            100%       1d11      0%          1
b - Frozen Ramparts       Ice            100%       1d12      1%          3
c - Ozocubu's Armour      Ice            72%        N/A       1%          3
d - Hailstorm             Conj/Ice       52%        3d12      1%          4

Your spell library contained the following spells:

 Spells                   Type           Power      Damage    Failure   Level


Dungeon Overview and Level Annotations

Branches:
Dungeon (1/1)

Altars:
Ru
Wu Jian
Xom
The Shining One

Shops:
D =:[[:=?[:!:*![(

Annotations:
D exclusions: obsidian statue, oklob plant and orange crystal statue


Message History

Casting: Freeze (safe; 0% risk of failure)
Confirm with . or Enter, or press ? or * to list all spells.
Aiming: Freeze (safe; 0% risk of failure)
Press: ? - help, Shift-Dir - straight line, f/p - boulder beetle
Aim: a boulder beetle (almost dead)
You freeze the boulder beetle!
You kill the boulder beetle!
Your Unarmed Combat skill increases to level 4!
Your Spellcasting skill gained 2 levels and is now at level 11!
Your Conjurations skill increases to level 1!
Your Ice Magic skill increases to level 15!
You have reached level 8!
You feel clever.
You start resting.
The frozen ramparts melt away.
You start resting.
You're standing in a cloud of steam!
You're standing in a cloud of steam!
Your icy armour cracks and falls away as you move.
Found a shimmering altar of Xom and a sacrificial altar of Ru.
A boulder beetle is nearby!
Casting: Freeze (safe; 0% risk of failure)
Confirm with . or Enter, or press ? or * to list all spells.
A film of ice covers your body! The boulder beetle barely misses you.
Casting: Ozocubu's Armour (safe; 1% risk of failure)
Confirm with . or Enter, or press ? or * to list all spells.
Casting: Frozen Ramparts (safe; 1% risk of failure)
Press: ? - help, Dir - look around, f - activate The walls around you are covered in ice.
The wall freezes the boulder beetle.
The boulder beetle barely misses you.
Casting: Frozen Ramparts (safe; 1% risk of failure)
Confirm with . or Enter, or press ? or * to list all spells.
Aiming: Freeze (safe; 0% risk of failure)
Press: ? - help, Shift-Dir - straight line, f - boulder beetle
Aim: a boulder beetle (lightly wounded)
You freeze the boulder beetle!
The boulder beetle is lightly wounded.
The wall freezes the boulder beetle!
The boulder beetle bites you!!
Ouch! That really hurt!
You die...

#≈## °≈§§§ ##≈≈#+++#+++##
#≈≈≈.........#
#≈≈≈≈.##'##..#
#≈≈≈≈##.#.##.####
#≈≈≈≈#.# #.#....# #≈≈####
####..## #≈## #+###.##..#
#÷# ##.##...#B@# '≈+
+.<.+ #'..### #≈#
##.##$..#†...###. #≈##
##†###.##......≈≈≈≈
#≈≈####.#.####≈≈§..§.≈#'#
##≈≈≈#..#..#≈§≈§§≈≈.§≈#..
#+#≈###.###≈≈≈§≈§§≈.≈#_.
#≈≈##'##≈≈§§≈≈≈≈§≈≈#._
##≈≈≈≈≈≈≈≈≈≈≈§§§≈§≈#_.


You could see a boulder beetle.

Vanquished Creatures
  A boulder beetle (D)
  2 wyverns (D)
  Menkaure (D)
  2 water moccasins (D)
  4 scorpions (D)
10 creatures vanquished.

Notes
Turn   | Place    | Note
-------+----------+-------------------------------------------
     0 | D        | Hipnos the Deep Elf Ice Elementalist began the quest for
                  | the Orb.
     0 | D        | Reached XP level 1. HP: 10/10 MP: 6/6
     1 | D        | Noticed a scorpion
     1 | D        | Noticed a scorpion
     1 | D        | Noticed a scorpion
     1 | D        | Noticed a scorpion
     6 | D        | Killed a scorpion
     7 | D        | Reached skill level 8 in Ice Magic
     7 | D        | Reached XP level 2. HP: 15/15 MP: 6/9
     7 | D        | Reached XP level 3. HP: 19/19 MP: 6/10
    10 | D        | Killed a scorpion
    11 | D        | Reached skill level 9 in Ice Magic
    11 | D        | Reached XP level 4. HP: 24/24 MP: 6/12
    18 | D        | Killed a scorpion
    19 | D        | Reached skill level 1 in Unarmed Combat
    19 | D        | Reached skill level 5 in Spellcasting
    19 | D        | Reached skill level 11 in Ice Magic
    19 | D        | Reached XP level 5. HP: 28/28 MP: 7/14
   171 | D        | Learned a level 3 spell: Frozen Ramparts
   175 | D        | Learned a level 3 spell: Ozocubu's Armour
   180 | D        | Learned a level 4 spell: Hailstorm
   185 | D        | Noticed an orange crystal statue
   192 | D        | Found Loruwk's Antique Weapon Emporium.
   193 | D        | Found Vopp's Distillery.
   193 | D        | Found Olucat's General Store.
   194 | D        | Found Gicweo Vuuqa's Distillery.
   194 | D        | Found Kuguwuur's Book Shoppe.
   195 | D        | Found Koefuoh's Magic Scroll Emporium.
   195 | D        | Found Zutyenna's Jewellery Shoppe.
   195 | D        | Found Fompyela's Antique Armour Shoppe.
   195 | D        | Found Dets's Armour Emporium.
   195 | D        | Noticed a water moccasin
   196 | D        | Found Ogoigo's Book Emporium.
   196 | D        | Found Poosaorch's Book Shoppe.
   198 | D        | Noticed a water moccasin
   201 | D        | Killed a water moccasin
   202 | D        | Reached skill level 5 in Dodging
   202 | D        | Reached skill level 12 in Ice Magic
   202 | D        | Reached XP level 6. HP: 12/32 MP: 9/17
   203 | D        | Killed a water moccasin
   204 | D        | Reached skill level 13 in Ice Magic
   469 | D        | Noticed a slime creature
   470 | D        | Found Wiuv's Antique Armour Shoppe.
   470 | D        | Found Kapolyd's Antique Armour Emporium.
   470 | D        | Noticed a slime creature
   470 | D        | Noticed a slime creature
   470 | D        | Noticed an oklob plant
   471 | D        | Found Zady's Jewellery Shoppe.
   471 | D        | Found Dauwkoiv's Book Shoppe.
   581 | D        | Noticed a cane toad
   581 | D        | Noticed a cane toad
   582 | D        | Noticed an iron elemental
   615 | D        | Noticed an obsidian statue
   616 | D        | Noticed a wyvern
   622 | D        | Killed a wyvern
   623 | D        | Reached skill level 5 in Stealth
   623 | D        | Reached skill level 14 in Ice Magic
   623 | D        | Reached XP level 7. HP: 32/37 MP: 2/20
   710 | D        | Noticed Menkaure
   711 | D        | Noticed a wyvern
   714 | D        | Killed Menkaure
   717 | D        | Killed a wyvern
   718 | D        | Reached skill level 1 in Fighting
   809 | D        | Noticed a boulder beetle
   810 | D        | Noticed a boulder beetle
   811 | D        | Found a glowing golden altar of the Shining One.
   811 | D        | Found an ornate altar of the Wu Jian Council.
   822 | D        | Killed a boulder beetle
   823 | D        | Reached skill level 1 in Conjurations
   823 | D        | Reached skill level 15 in Ice Magic
   823 | D        | Reached XP level 8. HP: 16/43 MP: 9/25
   837 | D        | Found a shimmering altar of Xom.
   837 | D        | Found a sacrificial altar of Ru.
   842 | D        | Mangled by a boulder beetle

Illustrated notes

Levels and vault maps discovered:
D:        the_violet_keep_of_menkaure [sprint2_stairs_cluster_1,
          sprint2_shoproom, sprint2_temple, sprint2_basic_supplies,
          sprint2_obstacle_4, sprint2_obstacle_1, sprint2_obstacle_3,
          sprint2_obstacle_5, sprint2_obstacle_6, sprint2_timed_cluster_1,
          sprint2_smallroom_cluster_1, sprint2_smallroom_final_cluster_1,
          sprint2_transparent_cluster_1, sprint2_second_timed_cluster_1,
          sprint2_sniper_area_1, sprint2_heavy_combat_area_1,
          sprint2_mutation_trap_area_1, sprint2_forest_area_1,
          sprint2_light_combat_area_1, sprint2_behind_water_1,
          sprint2_near_end_vault_1]

Skill      XL: |  1  2  3  4  5  6  7 |
---------------+----------------------+-----
Dodging        | 3 4 5 6 |  6.3
Stealth        | 3 4 5 |  5.7
Spellcasting   | 4 5 6 7 11 | 11.7
Ice Magic      | 8 9 11 12 14 15 | 15.8
Unarmed Combat | 1 2 3 4 |  4.0
Fighting       | 1 |  1.6
Conjurations   | 1 |  1.5

Action                   |  1- 3 |  4- 6 |  7- 9 || total
-------------------------+-------+-------+-------++-------
Melee: Unarmed           |     5 |    13 |       ||    18
       Punch             |     1 |       |       ||     1
 Cast: Freeze            |     1 |     5 |    10 ||    16
       Ozocubu's Armour  |       |     2 |     3 ||     5
       Frozen Ramparts   |       |     2 |     3 ||     5
       Hailstorm         |       |     2 |     1 ||     3
  Use: Potion            |     3 |       |     1 ||     4
Armor: Robe              |     1 |     4 |     1 ||     6
Dodge: Dodged            |     3 |     9 |     8 ||    20

Table legend: (Time is in decaauts)
 A = Elapsed time spent in this place.
 B = Non-inter-level travel time spent in this place.
 C = Inter-level travel time spent in this place.
 D = Time resting spent in this place.
 E = Time spent auto-exploring this place.
 F = Levels seen in this place.
 G = Mean time per level.
                   A        B        C        D        E       F      G
               +--------+--------+--------+--------+--------+-----+--------+
         Total |    851 |    851 |      0 |    692 |      0 |   1 |  851.0 |
       Dungeon |    851 |    851 |      0 |    692 |      0 |   1 |  851.0 |
               +--------+--------+--------+--------+--------+-----+--------+

Top non-repeatable levels by time:
       D: 851 daAuts
